 Dungeon Sprint DCSS version 0.28.0-53-g5a82cb258f (webtiles) character file.

Game seed: 209813751851609650

6892 Zeld the Eclecticist (level 10, -1/50 HPs)
             Began as a Deep Elf Conjurer on June 12, 2022.
             Was a High Priest of Sif Muna.
             Succumbed to a redback's poison
             ... in the Dungeon (Sprint III: "The Ten Rune Challenge").
             The game lasted 00:05:48 (3090 turns).

Zeld the Eclecticist (Deep Elf Conjurer)            Turns: 3090, Time: 00:05:49

Health: -1/50      AC:  2    Str:  4    XL:     10   Next: 79%
Magic:  32/35      EV: 15    Int: 28    God:    Sif Muna [*****.]
Gold:   24         SH:  0    Dex: 13    Spells: 17/47 levels left

rFire   . . .      SeeInvis .   (no weapon)
rCold   . . .      Faith    .   (no shield)
rNeg    . . .      Spirit   .   a - +0 robe
rPois   .          Reflect  .   (no helmet)
rElec   .          Harm     .   (no cloak)
rCorr   .          Rampage  .   (no gloves)
Will    +....      NoTele   +   (no boots)
Stlth   ++++......              (no amulet)
HPRegen 0.16/turn               (no ring)
MPRegen 0.24/turn               (no ring)

@: lethally poisoned (-1 -> -11)
A: no striking features
a: Renounce Religion, Channel Magic, Forget Spell, Divine Exegesis


You were in the Dungeon.
You worshipped Sif Muna.
Sif Muna was extremely pleased with you.
You visited 1 branch You collected 24 gold pieces.

Inventory:

Armour
 a - a +0 robe (worn)
Wands
 d - a wand of polymorph (11)
Scrolls
 b - a scroll of torment {unknown}
 g - 3 scrolls of identify
 h - a scroll of vulnerability {unknown}
 k - a scroll of immolation {unknown}
Potions
 e - 2 potions of magic
 f - a potion of berserk rage
 i - a potion of resistance {unknown}
 j - 4 potions of mutation
 l - 2 potions of degeneration {unknown}
 m - a potion of flight {unknown}
Miscellaneous
 n - a piece from Xom's chessboard (15/15)


   Skills:
 - Level 8.0 Dodging
 - Level 8.0 Stealth
 * Level 19.4 Spellcasting
 * Level 16.9 Conjurations
 - Level 2.0 Hexes
 - Level 2.0 Translocations
 + Level 3.8 Transmutations
 * Level 1.1 Fire Magic
 + Level 0.5 Air Magic
 + Level 3.8 Earth Magic
 + Level 0.6 Poison Magic
 + Level 8.5 Invocations
 + Level 8.6 Evocations


You had 17 spell levels left.
You knew the following spells:

 Your Spells              Type           Power      Damage    Failure   Level
a - Magic Dart            Conj           100%       1d8       0%          1
b - Searing Ray           Conj           100%       2d8       0%          2
c - Fulminant Prism       Conj/Hex       34%        3d16      1%          4
d - Iskenderun's Mystic   Conj/Tloc      69%        2d14      1%          4
e - Irradiate             Conj/Tmut      35%        3d25      1%          5
f - Iron Shot             Conj/Erth      35%        9d7       3%          6
q - Mephitic Cloud        Conj/Pois/Air  57%        N/A       1%          3
s - Fireball              Conj/Fire      33%        3d14      1%          5

Your spell library contained the following spells:

 Spells                   Type           Power      Damage    Failure   Level
 Animate Skeleton         Necr           54%        N/A       1%          1
 Pain                     Necr           100%       1d9       1%          1
 Dazzling Flash           Conj/Hex       100%       N/A       1%          3
 Stone Arrow              Conj/Erth      100%       3d13      1%          3
 Vampiric Draining        Necr           27%        2d7       4%          3
 Spellforged Servitor     Conj/Summ      32%        N/A       38%         7
 Lehudib's Crystal Spear  Conj/Erth      35%        10d9      82%         8
 Simulacrum               Ice/Necr       13%        N/A       93%         6
 Dragon Form              Tmut           24%        N/A       95%         7


Dungeon Overview and Level Annotations

Branches:
Dungeon (1/1)

Altars:
Cheibriados
Dithmenos
Elyvilon
Fedhas
Gozag
Hepliaklqana
Kikubaaqudgha
Makhleb
Nemelex Xobeh
Okawaru
Qazlal
Ru
Sif Muna
Trog
Uskayaw
Vehumet
Wu Jian
Xom
Yredelemnul
Zin
The Shining One
Beogh
Jiyva
Lugonu

Annotations:
D Urug


Message History

Sif Muna accepts your kill.
Unknown command.
You start resting.
You start resting.
Magic restored.
You start waiting.
You see here a lindwurm skeleton.
A redback comes into view.
The redback bites you! x2
You completely miss the redback. The redback bites you.
You are lethally poisoned!
The redback poisons you!
Casting: Iskenderun's Mystic Blast (safe; 1% risk of failure)
Confirm with . or Enter, or press ? or * to list all spells.
You erupt in a blast of force!
The mystic blast hits the redback!
The redback is severely wounded.
The redback is knocked back by the mystic blast.
The redback slams into the rock wall!
You kill the redback!
Sif Muna accepts your kill.
* * * LOW HITPOINT WARNING * * *
You feel extremely sick.
You hear a shout!
Your Fire Magic skill increases to level 1!
Unknown command.
You feel much better.
You feel extremely sick.
You feel very sick.
You feel very sick.
Urug the Orcish Ballista comes into view.
She is wielding a +0 double sword of flaming and quivering silver javelins.
You feel very sick.
Okay, then.
Okay, then.
Press: ? - help, v - describe, . - travel
Here: Urug, wielding a +0 double sword of flaming, wearing a +0 scale mail and quivering silver javelins The floor.
You feel sick.
Urug throws a silver javelin.
The silver javelin pierces through you!
* * * LOW HITPOINT WARNING * * *
x2 You die...

≈≈≈≈≈♣♣...÷.♣♣♣♣≈≈≈........≈≈≈...
§≈≈≈.♣♣.≈≈≈≈'♣♣'♣≈≈≈≈≈≈≈≈≈≈≈≈♣♣..
§§≈≈≈≈'....†#.≈♣♣♣♣♣♣♣♣♣♣♣♣♣♣♣♣P.
§≈≈≈≈♣♣♣♣♣♣♣#..♣♣ ♣♣♣ .≈≈≈≈♣
###'♣♣♣♣♣ ###### ♣♣♣♣.##.o##
♣...##.##.# ♣♣.##.##.## ♣...#@##.
♣♣..##.## ♣..##.# ♣.÷...# #######


There were no monsters in sight!

Vanquished Creatures
  Erolcha (D)
  A lindwurm (D)
  A deep elf pyromancer (D)
  2 cane toads (D)
  A komodo dragon (D)
  A rime drake (D)
  3 wandering mushrooms (D)
  2 tyrant leeches (D)
  5 blink frogs (D)
  A shadow (D)
  5 redbacks (D)
  A spatial vortex (D)
  A swamp drake (D)
  A necrophage (D)
  5 two-headed ogres (D)
  A water elemental (D)
  A scorpion (D)
  A jelly (D)
  A wizard (D)
  A necromancer (D)
  3 humans (D)
  A kobold demonologist (D)
  An endoplasm (D)
  3 rats (D)
44 creatures vanquished.

Vanquished Creatures (others)
  5 fulminant prisms (D)
  3 plants (D)
8 creatures vanquished.

Grand Total: 52 creatures vanquished

Notes
Turn   | Place    | Note
-------+----------+-------------------------------------------
     0 | D        | Zeld the Deep Elf Conjurer began the quest for the Orb.
     0 | D        | Reached XP level 1. HP: 10/10 MP: 6/6
    10 | D        | Reached skill level 1 in Hexes
    10 | D        | Reached skill level 1 in Translocations
   156 | D        | Noticed a scorpion
   166 | D        | Killed a scorpion
   167 | D        | Reached skill level 7 in Spellcasting
   167 | D        | Reached XP level 2. HP: 10/15 MP: 1/12
   167 | D        | Reached XP level 3. HP: 13/19 MP: 1/13
   170 | D        | Learned a level 2 spell: Searing Ray
   307 | D        | Reached XP level 4. HP: 24/24 MP: 5/15
   456 | D        | Noticed a water elemental
   466 | D        | Killed a water elemental
   467 | D        | Reached skill level 8 in Spellcasting
   467 | D        | Reached XP level 5. HP: 28/28 MP: 10/18
   493 | D        | Learned a level 4 spell: Fulminant Prism
   498 | D        | Learned a level 4 spell: Iskenderun's Mystic Blast
   563 | D        | Found a radiant altar of Vehumet.
   563 | D        | Found a shimmering blue altar of Sif Muna.
   563 | D        | Found an ancient bone altar of Kikubaaqudgha.
   567 | D        | Became a worshipper of Sif Muna the Loreminder
   569 | D        | Reached skill level 9 in Spellcasting
   666 | D        | Found a basalt altar of Yredelemnul.
   666 | D        | Found a shadowy altar of Dithmenos.
   666 | D        | Found a sacrificial altar of Ru.
   666 | D        | Noticed a necrophage
   669 | D        | Reached * piety under Sif Muna
   670 | D        | Reached skill level 5 in Stealth
   671 | D        | Killed a necrophage
   672 | D        | Reached skill level 5 in Dodging
   672 | D        | Reached skill level 10 in Spellcasting
   672 | D        | Reached XP level 6. HP: 31/32 MP: 14/21
   729 | D        | Found a glowing silver altar of Zin.
   729 | D        | Found a glowing golden altar of the Shining One.
   729 | D        | Found a white marble altar of Elyvilon.
   729 | D        | Noticed a deep elf pyromancer
   732 | D        | Noticed a fire elemental
   733 | D        | Killed a deep elf pyromancer
   734 | D        | Reached skill level 12 in Spellcasting
   734 | D        | Reached XP level 7. HP: 36/36 MP: 14/25
   805 | D        | Noticed a shadow
   812 | D        | Reached ** piety under Sif Muna
   815 | D        | Killed a shadow
   816 | D        | Reached skill level 13 in Spellcasting
   957 | D        | Found a blossoming altar of Fedhas.
   957 | D        | Found a stormy altar of Qazlal.
   957 | D        | Found a snail-covered altar of Cheibriados.
   957 | D        | Found a burning altar of Makhleb.
   957 | D        | Found a shimmering altar of Xom.
   957 | D        | Noticed a spatial vortex
   958 | D        | Found a hazy altar of Hepliaklqana.
   958 | D        | Found an opulent altar of Gozag.
   958 | D        | Found a sparkling altar of Nemelex Xobeh.
   958 | D        | Found a corrupted altar of Lugonu.
   958 | D        | Found a viscous altar of Jiyva.
   973 | D        | Killed a spatial vortex
   974 | D        | Reached skill level 14 in Spellcasting
  1252 | D        | Found a hide-covered altar of Uskayaw.
  1252 | D        | Found an iron altar of Okawaru.
  1252 | D        | Found a bloodstained altar of Trog.
  1252 | D        | Found an ornate altar of the Wu Jian Council.
  1252 | D        | Noticed a human
  1255 | D        | Noticed a human
  1259 | D        | Killed a human
  1260 | D        | Reached skill level 1 in Invocations
  1260 | D        | Reached skill level 1 in Evocations
  1260 | D        | Reached XP level 8. HP: 29/41 MP: 19/28
  1386 | D        | Reached *** piety under Sif Muna
  1390 | D        | Reached skill level 15 in Spellcasting
  1513 | D        | Noticed a two-headed ogre
  1521 | D        | Killed a two-headed ogre
  1840 | D        | Noticed a two-headed ogre
  1840 | D        | Noticed Erolcha
  1848 | D        | Killed a two-headed ogre
  1848 | D        | Killed Erolcha
  1848 | D        | Reached **** piety under Sif Muna
  1849 | D        | Reached skill level 16 in Spellcasting
  1849 | D        | Reached skill level 5 in Invocations
  1849 | D        | Reached skill level 5 in Evocations
  1849 | D        | Reached XP level 9. HP: 26/45 MP: 10/31
  1987 | D        | Reached skill level 17 in Spellcasting
  2087 | D        | Noticed a wandering mushroom
  2098 | D        | Noticed a wandering mushroom
  2106 | D        | Killed a wandering mushroom
  2107 | D        | Reached skill level 15 in Conjurations
  2109 | D        | Noticed a wandering mushroom
  2124 | D        | Killed a wandering mushroom
  2124 | D        | Reached ***** piety under Sif Muna
  2129 | D        | Killed a wandering mushroom
  2292 | D        | Noticed a cane toad
  2292 | D        | Noticed a komodo dragon
  2292 | D        | Noticed a cane toad
  2297 | D        | Killed a cane toad
  2297 | D        | Killed a cane toad
  2297 | D        | Received a gift from Sif Muna
  2298 | D        | Reached skill level 18 in Spellcasting
  2298 | D        | Reached XP level 10. HP: 50/50 MP: 13/34
  2303 | D        | Got Sif Muna's Handbook of the Snowflakes and Arcane
                  | Weapons {god gift}
  2310 | D        | Learned a level 5 spell: Irradiate
  2317 | D        | Learned a level 6 spell: Iron Shot
  2565 | D        | Reached skill level 1 in Transmutations
  2565 | D        | Reached skill level 1 in Earth Magic
  2632 | D        | Received a gift from Sif Muna
  2635 | D        | Got Sif Muna's Handbook of Mutagenic Attacks {god gift}
  2640 | D        | Learned a level 3 spell: Mephitic Cloud
  2646 | D        | Learned a level 5 spell: Fireball
  2711 | D        | Reached skill level 19 in Spellcasting
  2794 | D        | Noticed a lindwurm
  2796 | D        | Killed a lindwurm
  3085 | D        | Reached skill level 1 in Fire Magic
  3087 | D        | Noticed Urug
  3089 | D        | HP: 2/50 [Urug/silver javelin (2)]
  3090 | D        | Succumbed to a redback's poison

Illustrated notes

Levels and vault maps discovered:
D:        dungeon_sprint_mu [sprint_mu_entry_cave, sprint_mu_temple_rooms,
          sprint_mu_d1_spiders, sprint_mu_d2_genie, sprint_mu_d3_branching,
          sprint_mu_orc_legion, sprint_mu_elf_gauntlet, sprint_mu_hive_nellie,
          sprint_mu_lair_fedhas, sprint_mu_vaults_butterflies,
          sprint_mu_slime_circle, sprint_mu_swamp_cave, sprint_mu_shoals_kraken,
          sprint_mu_blade_basic, sprint_mu_crypt_chambers,
          sprint_mu_tomb_spiral, sprint_mu_vestibule_basic,
          sprint_mu_gehenna_hellfire, sprint_mu_dis_giant,
          sprint_mu_tartarus_statrot, sprint_mu_cocytus_islands, sprint_mu_zot1]

Skill      XL: |  1  2  3  4  5  6  7  8  9 10 |
---------------+-------------------------------+-----
Hexes          | 2 |  2.0
Translocations | 2 |  2.0
Spellcasting   | 7 8 10 12 14 16 18 19 | 19.4
Conjurations   | 6 7 8 9 11 12 14 15 16 | 16.9
Stealth        | 3 4 5 7 8 |  8.0
Dodging        | 4 5 7 8 |  8.0
Invocations    | 1 5 7 8 |  8.5
Evocations     | 1 5 7 8 |  8.6
Transmutations | 3 |  3.8
Earth Magic    | 3 |  3.8
Fire Magic     | 1 |  1.1
Air Magic      | |  0.5
Poison Magic   | |  0.6

Action                   |  1- 3 |  4- 6 |  7- 9 | 10-12 || total
-------------------------+-------+-------+-------+-------++-------
Melee: Unarmed           |       |       |     8 |     1 ||     9
 Cast: Magic Dart        |    11 |       |       |       ||    11
       Searing Ray       |     2 |     5 |    15 |       ||    22
       Iskenderun's Myst |       |     1 |    34 |    23 ||    58
       Fulminant Prism   |       |     1 |     3 |     1 ||     5
       Fireball          |       |       |       |     4 ||     4
Invok: Channel Magic     |       |       |     1 |       ||     1
  Use: Potion            |     1 |     1 |     1 |     1 ||     4
       Scroll            |     1 |       |       |       ||     1
Armor: Robe              |       |       |       |     1 ||     1
Dodge: Dodged            |     3 |     2 |     8 |     6 ||    19
